 Dungeon Crawl Stone Soup version 0.28.0 (webtiles) character file.

Game seed: 18083815598563527283

244771 freelancePsychic the Impaler (level 19, -3/161 HPs)
             Began as a Merfolk Fire Elementalist on Feb 7, 2022.
             Was an Elder of the Shining One.
             Slain by a white very ugly thing (15 damage)
             ... summoned by a worldbinder
             ... on level 3 of the Abyss.
             The game lasted 01:05:08 (28304 turns).

freelancePsychic the Impaler (MfFE)                Turns: 28304, Time: 01:05:09

Health: -3/161     AC: 23    Str: 16    XL:     19   Next: 91%
Magic:  1/31       EV: 17    Int:  7    God:    the Shining One [****..]
Gold:   2985       SH:  6    Dex: 17    Spells: 17/24 levels left

rFire   + + .      SeeInvis .   i - +0 spear (distort)
rCold   + + .      Faith    .   x - +0 buckler
rNeg    + + +      Spirit   .   H - +4 chain mail of the Vacuum {rPois rC+ rN+}
rPois   +          Reflect  .   K - +3 hat of Emumoita {Will+ Str+4 Int-5}
rElec   .          Harm     .   y - scarf {rC+ rF+}
rCorr   .          Rampage  .   S - +2 pair of gloves "Gecsaid" {Will+}
Will    +++..                   M - +0 pair of boots
Stlth   ..........              d - amulet of regeneration
HPRegen 1.16/turn               I - ring of protection from fire
MPRegen 0.22/turn               t - +4 ring of evasion

@: mighty, about to teleport, glowing, studying Earth Magic, unable to read
A: (nimble swimmer 2), mertail, iridescent scales 1, no potion heal 1, [dopey
2], [inability to read while threatened]
}: 1/15 runes: abyssal
a: Renounce Religion, Divine Shield, Cleansing Flame


You were on level 3 of the Abyss.
You worshipped the Shining One.
The Shining One was greatly pleased with you.
You visited 6 branches of the dungeon, and saw 28 of its levels.
You visited the Abyss 1 time.
You also visited: Gauntlet, Ice Cave and Volcano.

You collected 3111 gold pieces.
You spent 126 gold pieces at shops.

Inventory:

Hand Weapons
 i - a +0 spear of distortion (weapon)
 s - a +0 bardiche
Armour
 k - a +0 cloak of fire resistance
 o - a +0 pair of gloves
 x - a +0 buckler (worn)
 y - a scarf of resistance (worn)
 H - the +4 chain mail of the Vacuum (worn) {rPois rC+ rN+}
   (You found it on level 11 of the Dungeon)

   rC:        It protects you from cold.
   rPois:     It protects you from poison.
   rN:        It protects you from negative energy.
 K - the +3 hat of Emumoita (worn) {Will+ Str+4 Int-5}
   (You found it in a Gauntlet)

   Str:       It affects your strength (+4).
   Int:       It affects your intelligence (-5).
   Will:      It increases your willpower.
 M - a +0 pair of boots (worn)
 S - the +2 pair of gloves "Gecsaid" (worn) {Will+}
   (You found it on level 3 of the Elven Halls)

   Will:      It increases your willpower.
 T - a +2 cloak of cold resistance
Jewellery
 d - an amulet of regeneration (around neck)
 t - a +4 ring of evasion (right hand)
 w - a +4 ring of evasion
 G - an amulet of magic regeneration
 I - a ring of protection from fire (left hand)
 U - a ring of ice
 W - a +6 ring of intelligence
Wands
 g - a wand of charming (11)
 A - a wand of digging (15)
 C - a wand of iceblast (14)
 E - a wand of mindburst (7)
 N - a wand of acid (8)
 O - a wand of paralysis (4)
 P - a wand of polymorph (19)
 Q - a wand of flame (18)
Scrolls
 c - 3 scrolls of identify {@r1}
 e - a scroll of amnesia
 f - 8 scrolls of enchant armour
 l - 3 scrolls of blinking
 u - 5 scrolls of teleportation {@r4}
 z - 2 scrolls of silence
 F - 2 scrolls of brand weapon
 L - 4 scrolls of enchant weapon
 R - 3 scrolls of holy word
 V - 6 scrolls of fear
 Z - 6 scrolls of immolation
Potions
 a - 2 potions of resistance
 h - a potion of magic
 j - 5 potions of ambrosia
 n - 2 potions of cancellation {unknown}
 p - 2 potions of mutation
 q - 2 potions of berserk rage
 r - 3 potions of attraction
 v - 4 potions of might
 B - 14 potions of curing {@q1}
 D - 3 potions of flight
 J - a potion of invisibility
 X - 4 potions of heal wounds {@q2}
 Y - 2 potions of lignification


   Skills:
 - Level 17.3 Fighting
 - Level 20.9 Polearms
 - Level 6.3 Armour
 - Level 15.0 Dodging
 - Level 2.1 Stealth
 - Level 5.2 Shields
 - Level 3.2 Spellcasting
 - Level 0.7 Conjurations
 + Level 10.9 Transmutations
 - Level 2.1 Fire Magic
 + Level 10.0 Earth Magic
 - Level 16.8 Invocations


You had 17 spell levels left.
You knew the following spells:

 Your Spells              Type           Power      Damage    Failure   Level
a - Foxfire               Conj/Fire      12%        2x1d4     97%         1
b - Statue Form           Tmut/Erth      10%        N/A       100%        6

Your spell library contained the following spells:

 Spells                   Type           Power      Damage    Failure   Level
 Sandblast                Erth           30%        2d9       10%         1
 Petrify                  Tmut/Erth      15%        N/A       63%         4
 Stone Arrow              Conj/Erth      16%        3d8       89%         3
 Lee's Rapid Deconstruct  Erth           7%         3d8*      95%         5
 Scorch                   Fire           8%         2d5       98%         2
 Apportation              Tloc           2%         N/A       99%         1
 Blink                    Tloc           2%         N/A       100%        2
 Call Imp                 Summ           1%         N/A       100%        2
 Corpse Rot               Necr/Air       2%         N/A       100%        2
 Poisonous Vapours        Pois/Air       2%         N/A       100%        2
 Call Canine Familiar     Summ           1%         N/A       100%        3
 Conjure Flame            Conj/Fire      3%         6-21      100%        3
 Dazzling Flash           Conj/Hex       2%         N/A       100%        3
 Gell's Gravitas          Tloc           1%         N/A       100%        3
 Inner Flame              Hex/Fire       2%         N/A       100%        3
 Lesser Beckoning         Tloc           1%         N/A       100%        3
 Portal Projectile        Hex/Tloc       2%         N/A       100%        3
 Summon Guardian Golem    Hex/Summ       1%         N/A       100%        3
 Teleport Other           Tloc           1%         N/A       100%        3
 Animate Armour           Summ/Erth      16%        N/A       100%        4
 Flame Wave               Conj/Fire      3%         2d4       100%        4
 Fulminant Prism          Conj/Hex       0%         3d6       100%        4
 Iskenderun's Mystic Bla  Conj/Tloc      1%         2d3       100%        4
 Leda's Liquefaction      Hex/Erth       4%         N/A       100%        4
 Summon Ice Beast         Ice/Summ       1%         N/A       100%        4
 Alistair's Intoxication  Tmut/Pois      5%         N/A       100%        5
 Iskenderun's Battlesphe  Conj           2%         2d6       100%        5
 Manifold Assault         Tloc           1%         N/A       100%        5
 Conjure Ball Lightning   Conj/Air       0%         3x3d6     100%        6
 Iron Shot                Conj/Erth      4%         9d2       100%        6
 Starburst                Conj/Fire      1%         6d3       100%        6
 Summon Cactus Giant      Summ           0%         N/A       100%        6
 Orb of Destruction       Conj           1%         9d5       100%        7
 Spellforged Servitor     Conj/Summ      0%         N/A       100%        7
 Discord                  Hex            0%         N/A       100%        8
 Disjunction              Tloc           0%         N/A       100%        8


Dungeon Overview and Level Annotations

Branches:
Dungeon (15/15)            Temple (1/1) D:5            Lair (6/6) D:10
 Shoals (0/4) Lair:3       Spider (0/4) Lair:4        Slime (0/5) Lair:5
    Orc (2/2) D:9             Elf (3/3) Orc:2        Vaults (0/5) D:14
 Depths (1/4) D:15          IceCv (visited)         Volcano (visited)
Gauntlet (visited)

Altars:
Ashenzari
Cheibriados
Dithmenos
Elyvilon
Fedhas
Gozag
Hepliaklqana
Kikubaaqudgha
Makhleb
Nemelex Xobeh
Okawaru
Qazlal
Ru
Sif Muna
Trog
Uskayaw
Vehumet
Wu Jian
Xom
Yredelemnul
The Shining One
Jiyva

Shops:
D:4 (   D:5 [   D:10 *   Orc:2 *[=(   Elf:2 !

Portals:
Hell: Depths:1
Trove: D:14 (give 16 potions of curing)

Annotations:
D:3 Terence
D:11 2 transporters, Fractals's ghost, journeyman GrAK
D:13 Rupert
Orc:1 1 transporter
Elf:2 3 runed translucent doors
Depths:1 Mara
Abyss:1 Harold; Maggie; Nessos


Innate Abilities, Weirdness & Mutations

((You are very nimble when in or above water. (Stealth+, EV+, Speed+++)))
Your lower body shifts to a powerful aquatic tail in water.
You are partially covered in iridescent scales. (AC +2)
Potions are less effective at restoring your health.
[You are very dopey. (Int -4)]
[You sometimes lose the ability to read scrolls when taking damage.]


Message History

The ghost moth stares at you.
The ghost moth hits your wretched star but does no damage.
The ghost moth hits your wretched star!
The ghost moth barely misses your wretched star.
The worldbinder misses you. The worldbinder completely misses you.
The wretched star pulses with an eldritch light!
You feel stupid. x2
Your wretched star glows turbulently.
The lance of force hits the ghost moth!
The ghost moth is knocked back by the lance of force.
The ghost moth slams into the stone wall!
The ghost moth is severely wounded.
The thrashing horror barely misses you.
The thrashing horror closely misses you.
A starcursed mass splits.
As you read the scroll of fog, it crumbles to dust.
The scroll dissolves into smoke.
The thrashing horror tramples you but does no damage.
The thrashing horror barely misses you.
The worldbinder hits you but does no damage.
The worldbinder closely misses you.
The wretched star glows turbulently.
The lance of force misses you. The worldbinder hits you.
The worldbinder closely misses you.
As you read the scroll of teleportation {@r4}, it crumbles to dust.
You feel strangely unstable.
You feel the power of the Abyss delaying your translocation!
The wretched star glows turbulently.
The lance of force hits you!
You feel threatened and lose the ability to read scrolls!
* * * LOW HITPOINT WARNING * * *
You are knocked back by the lance of force.
You slam into the stone wall!
* * * LOW HITPOINT WARNING * * *
The worldbinder completely misses you.
The worldbinder hits you but does no damage.
The white very ugly thing pecks you!
* * * LOW HITPOINT WARNING * * *
The white very ugly thing freezes you! You resist.
You die...

. ### ##
.... #
.##.##...#
#.y..##
#.....#
#.ยง#XX#


#*XOuX# ##ux*## tN##@##t.._ # . ### ..# ### ## You could see a starcursed mass,
2 very ugly things, an ironbound thunderhulk (summoned), a wretched star, a
thrashing horror (strong, ally target), a worldbinder and a friendly wretched
star (summoned).

Vanquished Creatures
  Asterion (Elf:1)
  A fire giant (Depths:1)
  2 deep elf sorcerers
  4 spectral caustic shrikes (Depths:1)
  A spark wasp (shapeshifter) (D:15)
  An ettin (Orc:1)
  3 vault guards (D:14)
  3 hydras
  A boulder beetle (Lair:5)
  A catoblepas (D:13)
  2 centaur warriors
  2 two-headed ogres
  4 dancing weapons
  A deep troll shaman (Depths:1)
  5 death yaks (IceCv)
  Urug (Lair:3)
  A deep troll earth mage (Depths:1)
  3 orc high priests
  A soul eater (Gauntlet)
  7 deep elf knights
  2 skeletal warriors (D:14)
  A wizard (D:15)
  2 deep trolls (Depths:1)
  3 deep elf archers
  18 deep elf pyromancers
  An orc knight (Orc:2)
  14 deep elf zephyrmancers
  A necromancer (D:15)
  12 ugly things
  An oklob plant (Lair:3)
  3 orc sorcerers
  4 cyclopes
  A worldbinder (Gauntlet)
  A manticore (D:14)
  7 black mambas
  5 elephants
  3 gargoyles
  A torpor snail (Lair:5)
  8 cane toads
  A centaur skeleton (D:15)
  A molten gargoyle (Lair:6)
  A rime drake (IceCv)
  9 komodo dragons
  An efreet (D:14)
  An ancient zyme (Abyss:3)
  A troll (Orc:1)
  3 meliai (Lair:6)
  A wind drake (shapeshifter) (D:13)
  9 polar bears
  A wolf spider simulacrum (D:15)
  Grinder (D:6)
  7 dream sheep
  7 blink frogs
  9 slime creatures
  2 centaur simulacra (D:15)
  2 wyverns
  6 wraiths
  33 yaks
  2 fire elementals
  2 large abominations (Gauntlet)
  5 humans (D:14)
  A human (shapeshifter) (Elf:2)
  4 basilisks
  3 fire bats (Lair:3)
  A steam dragon (Volcano)
  7 vampire mosquitoes
  7 wargs
  2 acid dragons
  12 hell hounds
  12 water moccasins
  An ice beast (D:8)
  26 orc warriors
  A black bear (Lair:1)
  3 sky beasts
  2 necrophages
  7 ogres
  24 wolves
  9 small abominations (Gauntlet)
  4 centaurs
  A phantom (D:6)
  3 kobold brigands
  3 gnoll sergeants
  A scorpion (D:6)
  A wyvern zombie (D:7)
  14 bullfrogs
  2 earth elementals (Elf:2)
  A hornet simulacrum (D:15)
  A water moccasin zombie (D:6)
  17 killer bees
  5 howler monkeys
  An electric eel (Lair:3)
  2 lava snakes (Lair:6)
  3 centaur zombies
  3 hounds
  11 orc priests
  A scorpion zombie (D:5)
  3 iguanas
  19 orc wizards
  5 hell rats (Lair:6)
  15 gnolls
  5 adders
  3 shadow imps (Gauntlet)
  10 white imps (D:13)
  A worm (D:2)
  2 dart slugs
  55 orcs
  8 endoplasms
  8 goblins
  7 hobgoblins
  3 jackals (D:2)
  13 kobolds
  A quokka (D:1)
  6 ball pythons
  4 bats
  9 frilled lizards
  6 rats
617 creatures vanquished.

Vanquished Creatures (collateral kills)
  Jorgrun (Elf:1)
  Roxanne (Elf:1)
  A deep elf elementalist (Elf:1)
  Azrael (Elf:1)
  A fire dragon (Lair:6)
  A centaur warrior (D:14)
  2 dancing weapons
  3 orc high priests (Orc:2)
  5 deep elf knights
  2 iron trolls (Depths:1)
  A fire crab (Lair:6)
  2 deep trolls (Depths:1)
  4 deep elf pyromancers
  A deep elf archer (Elf:2)
  12 deep elf zephyrmancers
  2 orc sorcerers (Orc:2)
  2 ugly things (D:14)
  A black mamba (Lair:6)
  A komodo dragon (shapeshifter) (Elf:1)
  A yaktaur (shapeshifter) (D:14)
  An air elemental (Elf:2)
  2 wyverns (Lair:6)
  2 basilisks (Lair:6)
  A steam dragon (Lair:6)
  A fire elemental (Elf:1)
  3 hell hounds (Elf:1)
  5 orc warriors (Orc:2)
  A wolf (Orc:2)
  2 centaurs (D:14)
  An earth elemental (Elf:1)
  A lava snake (Lair:6)
  2 orc priests (Orc:2)
  5 orcs (Orc:2)
72 creatures vanquished.

Vanquished Creatures (others)
  A deep elf knight (Elf:2)
  A human (D:14)
  A hell hound (Elf:1)
  A centaur (D:14)
  4 demonic plants (Gauntlet)
  87 foxfires
  44 fungi
  38 plants
  2 starspawn tentacles (Abyss:3)
179 creatures vanquished.

Grand Total: 868 creatures vanquished

Notes
Turn   | Place    | Note
-------+----------+-------------------------------------------
     0 | D:1      | freelancePsychic the Merfolk Fire Elementalist began the
                  | quest for the Orb.
     0 | D:1      | Reached XP level 1. HP: 13/13 MP: 3/3
   608 | D:1      | Reached XP level 2. HP: 13/19 MP: 2/5
  1776 | D:2      | Reached XP level 3. HP: 17/24 MP: 1/7
  1989 | D:2      | Reached skill level 1 in Polearms
  2136 | D:2      | Reached skill level 2 in Polearms
  2277 | D:2      | Reached skill level 3 in Polearms
  2336 | D:2      | Reached XP level 4. HP: 30/30 MP: 8/8
  2683 | D:3      | Noticed Terence
  2706 | D:4      | Noticed a black bear
  2736 | D:4      | Banished a black bear
  2737 | D:4      | Reached skill level 1 in Fighting
  2737 | D:4      | Reached skill level 5 in Polearms
  2737 | D:4      | Reached XP level 5. HP: 33/37 MP: 3/9
  2984 | D:4      | Reached XP level 6. HP: 44/44 MP: 10/10
  3279 | D:4      | Found Puorch's Antique Weapon Shoppe.
  3315 | D:5      | Entered Level 5 of the Dungeon
  3371 | D:5      | Reached skill level 6 in Polearms
  3615 | D:5      | Reached skill level 7 in Polearms
  3615 | D:5      | Reached XP level 7. HP: 51/51 MP: 11/11
  3647 | D:5      | Found Tym Qetu's Armour Shop.
  3809 | D:5      | Reached skill level 5 in Dodging
  3841 | D:5      | Found a staircase to the Ecumenical Temple.
  3860 | Temple   | Entered the Ecumenical Temple
  3921 | Temple   | Became a worshipper of the Shining One
  4002 | D:5      | Reached skill level 8 in Polearms
  4167 | D:6      | Noticed Maggie
  4376 | D:6      | Reached XP level 8. HP: 60/60 MP: 12/12
  4389 | D:6      | Reached skill level 9 in Polearms
  4389 | D:6      | Reached skill level 1 in Invocations
  4414 | D:6      | Noticed Grinder
  4415 | D:6      | Paralysed by Grinder for 4 turns
  4426 | D:6      | Paralysed by Grinder for 2 turns
  4431 | D:6      | Paralysed by Grinder for 3 turns
  4437 | D:6      | Paralysed by Grinder for 2 turns
  4452 | D:6      | Paralysed by Grinder for 7 turns
  4462 | D:6      | Killed Grinder
  4557 | D:6      | Gained mutation: Potions are less effective at restoring
                  | your health. [potion of mutation]
  4557 | D:6      | Gained mutation: You are partially covered in iridescent
                  | scales. (AC +2) [potion of mutation]
  4566 | D:6      | Banished Maggie
  4567 | D:6      | Reached skill level 5 in Fighting
  4567 | D:6      | Reached skill level 10 in Polearms
  4760 | D:6      | Reached skill level 11 in Polearms
  4760 | D:6      | Reached XP level 9. HP: 68/68 MP: 13/13
  4863 | D:6      | Found a shimmering blue altar of Sif Muna.
  5038 | D:6      | Reached skill level 12 in Polearms
  5384 | D:7      | Reached skill level 5 in Invocations
  5786 | D:7      | Noticed a boulder beetle
  6081 | D:8      | Reached * piety under the Shining One
  6082 | D:8      | Reached skill level 1 in Shields
  6498 | D:8      | Reached XP level 10. HP: 63/79 MP: 14/14
  7234 | D:9      | Noticed a two-headed ogre
  7254 | D:9      | Killed a two-headed ogre
  7420 | D:9      | Found a staircase to the Orcish Mines.
  7561 | D:9      | Found a burning altar of Makhleb.
  7575 | D:9      | Found an ancient bone altar of Kikubaaqudgha.
  7575 | D:9      | Found a snail-covered altar of Cheibriados.
  7601 | D:9      | Found an opulent altar of Gozag.
  7720 | D:9      | You fall into a shaft and drop 1 floor!
  7720 | D:10     | Entered Level 10 of the Dungeon
  7897 | D:10     | Reached XP level 11. HP: 84/87 MP: 16/16
  8132 | D:10     | Found a staircase to the Lair.
  8232 | D:10     | Noticed a two-headed ogre
  8256 | D:10     | Killed a two-headed ogre
  8257 | D:10     | Reached skill level 5 in Shields
  8626 | D:10     | Found Ulaed's Assorted Antiques.
  8633 | D:10     | Bought a scroll labelled JOYTEZ WYTZIZ for 21 gold pieces
  8633 | D:10     | Bought a scroll of identify for 42 gold pieces
  8633 | D:10     | Bought a scroll of teleportation for 63 gold pieces
  8914 | D:11     | Found a transporter.
  8915 | D:11     | Noticed a death knight
  8915 | D:11     | Noticed a manticore
  8917 | D:11     | Noticed Fractals's ghost (journeyman GrAK)
  8917 | D:11     | Reached ** piety under the Shining One
  8924 | D:11     | Found a transporter.
  9023 | D:11     | Reached skill level 10 in Dodging
  9523 | D:11     | Noticed a cyclops
  9530 | D:11     | Killed a cyclops
  9531 | D:11     | Reached skill level 10 in Fighting
  9539 | D:11     | Identified the +4 chain mail of the Vacuum {rPois rC+ rN+}
  9751 | D:12     | Found a gate leading to a gauntlet.
  9784 | Gauntlet | Entered a Gauntlet
  9784 | Gauntlet | Noticed a large abomination
  9784 | Gauntlet | Found a transporter.
  9796 | Gauntlet | Found a transporter.
  9799 | Gauntlet | Found a transporter.
  9800 | Gauntlet | Found a transporter.
  9803 | Gauntlet | Noticed a worldbinder
  9808 | Gauntlet | Found a transporter.
  9811 | Gauntlet | Found a transporter.
  9812 | Gauntlet | Found a transporter.
  9817 | Gauntlet | Noticed a soul eater
  9819 | Gauntlet | Found a runed translucent gate.
  9819 | Gauntlet | Found a runed translucent gate.
  9821 | Gauntlet | Found a transporter.
  9824 | Gauntlet | Found a transporter.
  9825 | Gauntlet | Found a transporter.
  9833 | Gauntlet | Found a transporter.
  9833 | Gauntlet | Found a runed translucent gate.
  9833 | Gauntlet | Noticed a wretched star
  9836 | Gauntlet | Found a transporter.
  9837 | Gauntlet | Found a transporter.
  9839 | Gauntlet | Reached *** piety under the Shining One
  9845 | Gauntlet | Found a transporter.
  9929 | Gauntlet | Banished a large abomination
  9930 | Gauntlet | Reached skill level 1 in Armour
 10002 | Gauntlet | Noticed a moth of wrath
 10003 | Gauntlet | Noticed a naga warrior
 10006 | Gauntlet | Killed a worldbinder
 10007 | Gauntlet | Noticed a soul eater
 10114 | Gauntlet | Killed a soul eater
 10145 | Gauntlet | Identified the +3 hat of Emumoita {Will+ Str+4 Int-5}
 10225 | Gauntlet | Reached XP level 12. HP: 76/99 MP: 15/19
 10271 | Gauntlet | Noticed a minotaur
 10300 | D:12     | Reached skill level 10 in Invocations
 10782 | D:13     | Noticed Rupert
 10782 | D:13     | Noticed a two-headed ogre
 10900 | D:13     | Reached **** piety under the Shining One
 10901 | D:13     | Found a frozen archway.
 10948 | IceCv    | Entered an ice cave
 11056 | IceCv    | Noticed a death yak
 11108 | IceCv    | Killed a death yak
 11479 | IceCv    | Noticed a death yak
 11479 | IceCv    | Noticed a death yak
 11481 | IceCv    | Noticed a death yak
 11494 | IceCv    | Killed a death yak
 11511 | IceCv    | Killed a death yak
 11517 | IceCv    | Banished a death yak
 11572 | IceCv    | Noticed a death yak
 11572 | IceCv    | Noticed an ironbound frostheart
 11572 | IceCv    | Noticed an ironbound frostheart
 11572 | IceCv    | Noticed a death yak
 11584 | IceCv    | Banished an ironbound frostheart
 11585 | IceCv    | Reached skill level 5 in Armour
 11592 | IceCv    | Killed a death yak
 11593 | IceCv    | Reached XP level 13. HP: 109/109 MP: 18/21
 12039 | D:14     | Reached ***** piety under the Shining One
 12733 | D:14     | Found a stormy altar of Qazlal.
 12790 | D:15     | Entered Level 15 of the Dungeon
 13332 | D:14     | Found a portal to a secret trove of treasure.
 13344 | D:14     | Identified a scroll of acquirement
 13425 | D:14     | Reached XP level 14. HP: 39/120 MP: 18/24
 13806 | D:14     | Found a gate to the Vaults.
 14377 | D:15     | Found a radiant altar of Vehumet.
 14909 | D:15     | Found a staircase to the Depths.
 14973 | Depths:1 | Entered Level 1 of the Depths
 14992 | Depths:1 | Reached skill level 15 in Fighting
 15010 | Depths:1 | Noticed a fire giant
 15427 | Depths:1 | Banished a fire giant
 15463 | Depths:1 | Noticed a fire giant
 15479 | Depths:1 | Killed a fire giant
 15527 | Depths:1 | Found a snail-covered altar of Cheibriados.
 15636 | Depths:1 | Reached skill level 15 in Invocations
 15641 | Depths:1 | Reached XP level 15. HP: 43/129 MP: 18/26
 15907 | Depths:1 | Noticed Mara
 15923 | Depths:1 | Found a gateway to Hell.
 15940 | Depths:1 | Noticed freelancePsychic's illusion
 16187 | Lair:1   | Entered Level 1 of the Lair of Beasts
 17799 | Lair:3   | Found a staircase to the Shoals.
 18116 | Lair:3   | Reached skill level 15 in Dodging
 18126 | Lair:3   | Noticed Urug
 18138 | Lair:3   | Killed Urug
 18746 | Lair:4   | Found a hole to the Spider Nest.
 18765 | Lair:4   | Acquired a manual of Earth Magic
 19690 | Lair:5   | Reached skill level 13 in Polearms
 19723 | Lair:5   | Noticed Nessos
 19732 | Lair:5   | Banished Nessos
 19747 | Lair:5   | Found an ornate altar of the Wu Jian Council.
 19750 | Lair:5   | Found a hide-covered altar of Uskayaw.
 19757 | Lair:5   | Found a staircase to the Slime Pits.
 19758 | Lair:5   | Found a viscous altar of Jiyva.
 20191 | Lair:5   | Reached skill level 14 in Polearms
 20776 | Lair:6   | Entered Level 6 of the Lair of Beasts
 20963 | Lair:6   | Identified the +1 robe of the Centipede {rF+ Dex+3}
 20998 | Lair:6   | Reached XP level 16. HP: 119/139 MP: 28/28
 21149 | Lair:6   | Reached skill level 15 in Polearms
 21371 | Lair:6   | Found a large runed translucent door.
 21371 | Lair:6   | Found a large runed translucent door.
 22042 | Lair:6   | Reached skill level 16 in Polearms
 22268 | Orc:1    | Entered Level 1 of the Orcish Mines
 22285 | Orc:1    | Noticed Harold
 22306 | Orc:1    | Banished Harold
 22435 | Orc:1    | Found a transporter.
 22537 | Orc:1    | Found a dark tunnel.
 22565 | Volcano  | Entered a volcano
 23064 | Orc:1    | Found a bloodstained altar of Trog.
 23064 | Orc:1    | Found the +8 Wrath of Trog {antimagic, *Rage Rampage}
 23229 | Orc:2    | Entered Level 2 of the Orcish Mines
 23626 | Orc:2    | Reached skill level 17 in Polearms
 23717 | Orc:2    | Found a staircase to the Elven Halls.
 23784 | Orc:2    | Found Jipoamm's General Store.
 23784 | Orc:2    | Found Ebloas's Jewellery Shoppe.
 23786 | Orc:2    | Found Ytime's Antique Armour Shoppe.
 23786 | Orc:2    | Found Orghalane's Antique Weapon Emporium.
 23889 | Orc:2    | Reached skill level 18 in Polearms
 24544 | Elf:1    | Entered Level 1 of the Elven Halls
 24753 | Elf:1    | Noticed Jorgrun
 24767 | Elf:1    | Killed Jorgrun
 24821 | Elf:1    | Noticed Azrael
 24831 | Elf:1    | Reached skill level 19 in Polearms
 24837 | Elf:1    | Killed Azrael
 24940 | Elf:1    | Reached XP level 17. HP: 147/147 MP: 29/29
 25013 | Elf:1    | Reached skill level 20 in Polearms
 25275 | Elf:1    | Identified the +5 plate armour "Ziysemai" {+Blink rPois
                  | Int+2}
 25495 | Elf:1    | Identified Roxanne's Almanac of Stones
 25495 | Elf:1    | Noticed Roxanne
 25522 | Elf:1    | Killed Roxanne
 25523 | Elf:1    | Reached skill level 1 in Transmutations
 25523 | Elf:1    | Reached skill level 1 in Earth Magic
 25532 | Elf:1    | Learned a level 6 spell: Statue Form
 25654 | Elf:1    | Got Ovvekuh's Incunabulum of Calling
 25770 | Elf:1    | Noticed Asterion
 25781 | Elf:1    | Killed Asterion
 26265 | Elf:2    | Found Zocuvi Xoel's Distillery.
 26409 | Elf:2    | Found a runed translucent gate.
 26410 | Elf:2    | Found a runed translucent gate.
 26410 | Elf:2    | Found a runed translucent gate.
 26433 | Elf:2    | Reached skill level 5 in Transmutations
 26441 | Elf:2    | Paralysed by an air elemental for 1 turns
 26446 | Elf:2    | Paralysed by an air elemental for 1 turns
 26448 | Elf:2    | Paralysed by an air elemental for 1 turns
 26479 | Elf:2    | Reached skill level 5 in Earth Magic
 27061 | Elf:3    | Entered Level 3 of the Elven Halls
 27521 | Elf:3    | Identified the +2 pair of gloves "Gecsaid" {Will+}
 28233 | Depths:1 | Noticed freelancePsychic's illusion
 28291 | Depths:1 | Cast into level 3 of the Abyss (freelancePsychic's
                  | illusion)
 28295 | Abyss:3  | Found a viscous altar of Jiyva.
 28302 | Abyss:3  | Reached skill level 10 in Transmutations
 28302 | Abyss:3  | Reached skill level 10 in Earth Magic
 28302 | Abyss:3  | Reached XP level 18. HP: 51/155 MP: 0/30
 28302 | Abyss:3  | Reached XP level 19. HP: 53/161 MP: 0/31
 28302 | Abyss:3  | Got an abyssal rune of Zot
 28304 | Abyss:3  | Slain by a white very ugly thing

Illustrated notes

Levels and vault maps discovered:
D:1:      ebering_trefoil_3fold, layout_loops_ring, hangedman_decor_growths,
          minmay_split_cup_large
D:2:      layout_loops_ring
D:3:      layout_loops_ring, wander_ebering_terrifying_dragon_lair, uniq_terence
D:4:      layout_basic, serial_shops, nicolae_shop_overgrown_old_shop
D:5:      layout_loops_ring, minmay_temple_entry_statues_pillars, serial_shops,
          nicolae_shop_trees
D:6:      layout_cave_pools, mainiacjoe_overflow_alcove_1, uniq_grinder,
          uniq_maggie
D:7:      layout_cave_pods, st_stairs_12
D:8:      layout_layer_cave
D:9:      layout_irregular_city, pdpol_temple_overflow_zin_treasury_gozag_greed,
          gammafunk_temple_overflow_forgotten,
          kennysheep_orc_monster_closet_entryway
D:10:     layout_stronghold, dpeg_oklobed_lair, serial_shops,
          nicolae_square_shop
D:11:     layout_loops_corners, gammafunk_ghost_arena
D:12:     layout_long_grid, gauntlet_entry_generic
D:13:     kennysheep_spiral_hall, layout_basic, portal_ice_cave_entry_imps,
          uniq_rupert
D:14:     layout_roguey, ximxim_vaults_locker_room, serial_rivers,
          chequers_serial_rivers_small_a, chequers_serial_rivers_small_b,
          chequers_serial_rivers_large_a, chequers_serial_rivers_room_a,
          nicolae_trove_entry_crossroad, grunt_qazlal_clouds, minivault_24
D:15:     grunt_enter_depths_magical_seal, layout_basic, minmay_misc_feat_doors,
          fiery_altar_vehumet
Temple:   nicolae_temple_x_marks_the_god
Lair:1:   beast_lair_carwin_large_2, layout_regular_city, grunt_megastairs_4,
          infiniplex_staircase_pool_2
Lair:2:   layout_loops_ring, serial_bayou_shore_a
Lair:3:   layout_gridlike, elwin_shoals_entry_rocks, uniq_urug
Lair:4:   layout_cave_pods, spider_nest_entry_web_field, lemuel_fruit_fields
Lair:5:   layout_long_grid, slime_altar_1, minivault_23,
          nzn_masters_of_martial_movement, uniq_nessos
Lair:6:   cheibrodos_lair_end_hotspot, layout_long_grid, special_room
          [special_room_bee], chequers_serial_rivers_marsh
Orc:1:    emtedronai_trogs_sanctum, layout_diamond_mine,
          nicolae_volcano_entry_lava_flow, uniq_harold
Orc:2:    st_orc_congregation, layout_diamond_mine, mines5_lemuel
Elf:1:    elf_arrival_002, layout_loops_corners, minmay_elf_sorcery,
          lemuel_flame_loot_1, uniq_asterion, uniq_jorgrun, uniq_azrael,
          uniq_roxanne
Elf:2:    elven_hall_of_blades_hangedman_original
          [nicolae_blade_entry_area_security], layout_rooms, serial_shops,
          nicolae_shop_advertising_works [nicolae_subvault_shop_adworks],
          minmay_misc_feat_alley
Elf:3:    minmay_elf_hall_dome, layout_onion_city, drop_trap
Depths:1: layout_gridville, kennysheep_crisscross, pf_hell_entry_tar_river,
          slow_altar_2, uniq_mara
Abyss:3:  base: D:15, base: D:15, evilmike_abyss_exit_glass,
          nicolae_abyss_rune_left_handed

Skill      XL: |  1  2  3  4  5  6  7  8  9 10 11 12 13 14 15 16 17 |
---------------+----------------------------------------------------+-----
Spellcasting   | 3 |  3.2
Polearms       | 3 5 7 8 11 12 14 19 20 | 20.9
Fighting       | 1 2 3 5 7 8 10 12 14 15 16 17 | 17.3
Dodging        | 3 4 5 6 9 10 11 14 15 | 15.0
Invocations    | 3 6 7 9 11 13 15 16 | 16.8
Shields        | 2 4 5 |  5.2
Armour         | 2 5 6 |  6.3
Transmutations | 10 | 10.9
Earth Magic    | 10 | 10.0
Stealth        | |  2.1
Conjurations   | |  0.7
Fire Magic     | |  2.1

Action                   |  1- 3 |  4- 6 |  7- 9 | 10-12 | 13-15 | 16-18 | 19-21 || total
-------------------------+-------+-------+-------+-------+-------+-------+-------++-------
Melee: Dagger            |    34 |       |       |       |       |       |       ||    34
       Punch             |     2 |     1 |     3 |       |       |       |       ||     6
       Spear             |    56 |    88 |   281 |   764 |  1581 |  1333 |       ||  4103
       Tailslap          |       |       |       |       |    26 |     4 |       ||    30
 Cast: Foxfire           |    40 |     9 |     3 |     2 |       |       |       ||    54
Invok: Divine Shield     |       |       |     1 |     2 |     6 |     6 |       ||    15
       Cleansing Flame   |       |       |       |     3 |    17 |    10 |       ||    30
       Summon Divine War |       |       |       |       |     3 |     8 |       ||    11
Evoke: Wand              |       |       |       |       |     4 |     3 |       ||     7
  Use: Potion            |       |       |     5 |       |       |     3 |       ||     8
       Scroll            |       |       |     7 |     8 |     6 |    12 |     2 ||    35
 Stab: Sleeping          |     4 |    10 |       |       |       |       |       ||    14
Armor: Robe              |    11 |    12 |     4 |       |       |       |       ||    27
       Scale mail        |       |       |    54 |       |       |       |       ||    54
       Ring mail         |       |       |    10 |       |       |       |       ||    10
       Acid dragon scale |       |       |     3 |    35 |       |       |       ||    38
       Chain mail        |       |       |       |    89 |   362 |   289 |     3 ||   743
Dodge: Dodged            |    62 |    39 |   120 |   245 |   463 |   475 |    11 ||  1415
Block: Buckler           |       |       |     5 |   103 |   325 |   226 |       ||   659
